 Dungeon Crawl Stone Soup version 0.21.1-1-g345015fe64 (webtiles) character file.

86595 Holzbalken the Eclecticist (level 15, -4/72 HPs)
             Began as a Deep Elf Air Elementalist on July 7, 2018.
             Was a High Priest of Sif Muna.
             Slain by a peacekeeper (14 damage)
             ... on level 1 of the Elven Halls on July 8, 2018.
             The game lasted 05:29:22 (42560 turns).

Holzbalken the Eclecticist (DEAE)                  Turns: 42560, Time: 05:29:22

Health: -4/72      AC: 14    Str:  5    XL:     15   Next: 41%
Magic:  2/36       EV: 22    Int: 27    God:    Sif Muna [*****.]
Gold:   1373       SH:  5    Dex: 18    Spells: 14/45 levels left

rFire    . . .     SeeInvis +   Y - staff of air
rCold    . . .     Gourm    +   x - +0 buckler
rNeg     . . .     Faith    .   Q - +1 troll leather armour {Snorg}
rPois    +         Spirit   .   m - +1 helmet
rElec    +         Reflect  .   A - +1 cloak {rPois}
rCorr    .         Harm     .   s - +1 pair of gloves {Dex+3}
MR       ++...                  R - +1 pair of boots {Fly}
Stlth    ++........             y - amulet of the gourmand
HPRegen  0.62/turn              w - ring of see invisible
MPRegen  0.25/turn              U - ring of protection from magic

@: barbed spikes, flying, divine energy
A: no striking features
a: Stop Divine Energy, Channel Magic, Forget Spell, Renounce Religion, Stop
Flying


You were on level 1 of the Elven Halls.
You worshipped Sif Muna.
Sif Muna was extremely pleased with you.
You were not hungry.

You visited 5 branches of the dungeon, and saw 20 of its levels.
You also visited: Sewer, Ossuary and Ice Cave.

You collected 2043 gold pieces.
You spent 670 gold pieces at shops.

Inventory:

Armour
 m - a +1 helmet (worn)
 s - a +1 pair of gloves of dexterity (worn)
 x - a +0 buckler (worn)
 A - a +1 cloak of poison resistance (worn)
 Q - a +1 troll leather armour (worn) {Snorg}
 R - a +1 pair of boots of flying (worn)
Magical Staves
 Y - an uncursed staff of air (weapon)
Jewellery
 o - an uncursed ring of wizardry
 w - a ring of see invisible (left hand)
 y - an amulet of the gourmand (around neck)
 L - a +3 ring of intelligence
 S - a +5 ring of evasion
 U - a ring of protection from magic (right hand)
Wands
 h - a wand of acid (16)
 p - a wand of disintegration (20)
 B - a wand of enslavement (26)
 J - a wand of iceblast (26)
 N - a wand of polymorph (11)
 P - a wand of paralysis (10)
Scrolls
 a - 5 scrolls of fear
 f - a scroll of summoning
 j - 7 scrolls of blinking
 k - 7 scrolls of remove curse
 r - 6 scrolls of teleportation
 D - a scroll of enchant weapon
 F - a scroll of magic mapping
 I - 3 scrolls of enchant armour
 O - a scroll of acquirement {unknown}
 T - a scroll of brand weapon {unknown}
 V - a scroll of immolation {unknown}
 W - a scroll of silence {unknown}
Potions
 d - 5 potions of invisibility
 g - 9 potions of resistance
 i - 9 potions of curing
 l - 6 potions of flight
 n - 6 potions of lignification
 q - a potion of agility
 t - a potion of degeneration {unknown}
 z - a potion of magic
 E - a potion of heal wounds
 G - a potion of cancellation
 M - 2 potions of brilliance
 X - 2 potions of haste
Books
 b - a book of Air

   Spells                             Type                      Level
   a - Shock                          Conjuration/Air              1
   b - Swiftness                      Charms/Air                   2
   c - Static Discharge               Conjuration/Air              3
   d - Airstrike                      Air                          4
   e - Lightning Bolt                 Conjuration/Air              5
 e - Sif Muna's Tome of Entrancing Sinister Rites
   (Sif Muna gifted it to you on level 2 of the Lair of Beasts)

   Spells                             Type                      Level
   a - Animate Skeleton               Necromancy                   1
   b - Ensorcelled Hibernation        Hexes/Ice                    2
   c - Silence                        Hexes/Air                    5
   d - Dispel Undead                  Necromancy                   5
   e - Infestation                    Necromancy                   8
 u - a book of Callings

   Spells                             Type                      Level
   a - Summon Small Mammal            Summoning                    1
   b - Call Imp                       Summoning                    2
   c - Call Canine Familiar           Summoning                    3
   d - Summon Guardian Golem          Hexes/Summoning              3
   e - Summon Lightning Spire         Summoning/Air                4
   f - Summon Ice Beast               Ice/Summoning                4
 v - a book of Minor Magic

   Spells                             Type                      Level
   a - Magic Dart                     Conjuration                  1
   b - Blink                          Translocation                2
   c - Call Imp                       Summoning                    2
   d - Slow                           Hexes                        2
   e - Conjure Flame                  Conjuration/Fire             3
   f - Mephitic Cloud                 Conjuration/Poison/Air       3
 C - a book of Power

   Spells                             Type                      Level
   a - Iskenderun's Battlesphere      Conjuration/Charms           5
   b - Venom Bolt                     Conjuration/Poison           5
   c - Bolt of Magma                  Conjuration/Fire/Earth       5
   d - Iron Shot                      Conjuration/Earth            6
   e - Orb of Destruction             Conjuration                  7
   f - Spellforged Servitor           Conjuration/Summoning        7
 H - a Young Poisoner's Handbook

   Spells                             Type                      Level
   a - Sting                          Conjuration/Poison           1
   b - Poisonous Vapours              Poison/Air                   2
   c - Mephitic Cloud                 Conjuration/Poison/Air       3
   d - Olgreb's Toxic Radiance        Poison                       4
   e - Venom Bolt                     Conjuration/Poison           5
 K - a book of Conjurations

   Spells                             Type                      Level
   a - Magic Dart                     Conjuration                  1
   b - Searing Ray                    Conjuration                  2
   c - Dazzling Spray                 Conjuration/Hexes            3
   d - Fulminant Prism                Conjuration/Hexes            4
   e - Force Lance                    Conjuration/Translocation    4
   f - Iskenderun's Mystic Blast      Conjuration                  4
 Z - a book of Geomancy

   Spells                             Type                      Level
   a - Sandblast                      Earth                        1
   b - Passwall                       Transmutation/Earth          2
   c - Stone Arrow                    Conjuration/Earth            3
   d - Petrify                        Transmutation/Earth          4
   e - Lee's Rapid Deconstruction     Earth                        5
Comestibles
 c - 40 rations


   Skills:
 - Level 6.0 Staves
 - Level 4.0 Armour
 * Level 15.1 Dodging
 - Level 2.4 Stealth
 - Level 4.0 Shields
 + Level 15.6 Spellcasting
 + Level 10.8 Conjurations
 - Level 6.0 Charms
 - Level 10.0 Summonings
 - Level 3.0 Translocations
 + Level 13.3 Air Magic


You had 14 spell levels left.
You knew the following spells:

 Your Spells              Type           Power        Failure   Level  Hunger
a - Shock                 Conj/Air       ####         1%          1    None
b - Airstrike             Air            #######...   1%          4    None
c - Lightning Bolt        Conj/Air       #######...   1%          5    None
d - Iskenderun's Battles  Conj/Chrm      ######..     3%          5    None
e - Spellforged Servitor  Conj/Summ      ######....   41%         7    #####..
f - Force Lance           Conj/Tloc      ######..     2%          4    None
g - Static Discharge      Conj/Air       #######.     1%          3    None
h - Blink                 Tloc           N/A          1%          2    None


Dungeon Overview and Level Annotations

Branches:
Dungeon (10/15)            Temple (1/1) D:6            Lair (6/6) D:8
  Swamp (0/4) Lair:2       Spider (0/4) Lair:2        Slime (0/5) Lair:5
    Orc (2/2) D:10            Elf (1/3) Orc:2

Altars:
Ashenzari
Cheibriados
Dithmenos
Elyvilon
Fedhas
Gozag
Hepliaklqana
Kikubaaqudgha
Makhleb
Nemelex Xobeh
Okawaru
Qazlal
Ru
Sif Muna
Trog
Uskayaw
Vehumet
Wu Jian
Xom
Yredelemnul
Zin
The Shining One
Beogh

Shops:
D:4 :   D:7 *   D:9 *   Orc:2 (!=?

Portals:
Trove: D:10 (give 14 potions of curing)


Message History

* * * LOW HITPOINT WARNING * * *
Casting: Blink
Confirm with . or Enter, or press ? or * to list all spells.
You blink.
Casting: Blink
Confirm with . or Enter, or press ? or * to list all spells.
You blink.
The peacekeeper hurls a volley of spikes at you.
The volley of spikes misses you. The peacekeeper completely misses you.
The peacekeeper claws you.
* * * LOW HITPOINT WARNING * * *
Casting: Blink
Confirm with . or Enter, or press ? or * to list all spells.
You blink.
Casting: Blink
Confirm with . or Enter, or press ? or * to list all spells.
You blink.
A deep elf mage comes into view. It is wielding a long sword.
You block the peacekeeper's attack. The peacekeeper claws you!
You die...

#...####.#...#...........
#............##..........
#....#e....#...#.##........
#....#.....#...............
#...###''''e###.####........
#...#.........#.............
#..##.8.....8.##.##.#.......
#. #.......Y...#....#.......
#. #..8...8@8§.#.#..........
#....§..8...#.#.........)
##.8.....8.##.#..........
#.........#..#..........
###########.####........
............# ##.......
#....##.###.# ##.....#
#.##.#. #.# ##...##
#.....####.# #...#


You could see 2 peacekeepers, 2 deep elf magi and an ice beast.

Vanquished Creatures
  A deep elf sorcerer (Elf:1)
  2 deep elf annihilators (Elf:1)
  Snorg (D:10)
  A deep elf high priest (Elf:1)
  Fannar (Orc:1)
  3 hydras
  A vault guard (D:10)
  2 catoblepae
  5 two-headed ogres
  A deep troll shaman (Lair:6)
  6 death yaks
  9 deep elf knights (Elf:1)
  A fire crab (Lair:6)
  3 deep elf archers (Elf:1)
  3 lindwurms
  Pikel (D:9)
  35 deep elf magi
  6 oklob plants
  3 orc knights
  The ghost of Lokiki the Covert, a novice SpEn of Dithmenos (D:8)
  An orc sorcerer (Orc:2)
  Maurice (Orc:1)
  14 elephants
  4 black mambas
  2 ice statues (IceCv)
  A torpor snail (Lair:6)
  2 rime drakes (Orc:2)
  2 spiny frogs
  4 komodo dragons
  11 ice devils (IceCv)
  2 polar bears (Lair:6)
  A jumping spider (Lair:2)
  3 trolls
  19 blink frogs
  A dream sheep (shapeshifter) (Elf:1)
  5 hippogriffs
  2 redbacks (Lair:2)
  42 yaks
  3 wyverns
  3 basilisks
  Menkaure (D:7)
  4 wargs
  9 swamp worms
  7 water moccasins
  2 sky beasts
  7 porcupines
  44 orc warriors
  3 ice beasts
  A slave (D:9)
  6 black bears
  A necrophage (D:7)
  13 ogres
  15 wolves
  11 centaurs
  11 crocodiles
  2 elf zombies (Ossuary)
  7 bullfrogs
  Blork the orc (D:4)
  2 gnoll sergeants
  2 scorpions (D:7)
  A water moccasin skeleton (D:5)
  13 wights
  2 electric eels
  2 howler monkeys
  3 crimson imps
  A bullfrog zombie (D:5)
  4 hounds
  5 centaur zombies
  3 bullfrog skeletons (D:4)
  2 jellies
  6 human zombies (Ossuary)
  13 orc priests
  5 centaur skeletons
  10 orc wizards
  An iguana (D:6)
  Terence (D:2)
  8 worker ants
  2 hell rats (Lair:4)
  2 hound skeletons
  3 mummies (Ossuary)
  Robin (D:2)
  12 adders
  21 gnolls
  A howler monkey skeleton (D:9)
  5 river rats
  3 shadow imps
  5 white imps (IceCv)
  7 ufetubi (IceCv)
  An ooze (shapeshifter) (Elf:1)
  An adder skeleton (D:4)
  21 worms
  4 dart slugs
  7 leopard geckos
  101 orcs
  A ball python (D:1)
  5 giant cockroaches
  19 goblins
  17 hobgoblins
  14 jackals
  5 quokkas
  11 bats
  A frilled lizard (D:4)
  13 kobolds
  A leopard gecko zombie (D:7)
  A quokka zombie (D:6)
  14 rats
  2 bushes (Lair:2)
  5 fungi
  6 plants
750 creatures vanquished.

Vanquished Creatures (others)
  A reaper (IceCv)
  2 blink frogs (Lair:6)
  4 white imps (IceCv)
  4 ufetubi (IceCv)
  21 fungi
  19 plants
51 creatures vanquished.

Grand Total: 801 creatures vanquished

Notes
Turn   | Place    | Note
-------+----------+-------------------------------------------
     0 | D:1      | Holzbalken the Deep Elf Air Elementalist began the quest for the Orb.
     0 | D:1      | Reached XP level 1. HP: 10/10 MP: 6/6
   302 | D:1      | Reached XP level 2. HP: 15/15 MP: 2/8
   764 | D:1      | Reached XP level 3. HP: 6/19 MP: 5/9
  1723 | D:2      | Noticed Robin
  1734 | D:2      | Killed Robin
  1962 | D:1      | Reached XP level 4. HP: 17/24 MP: 8/11
  2191 | D:2      | Noticed Terence
  2216 | D:2      | Killed Terence
  2216 | D:2      | Reached skill level 1 in Shields
  2354 | D:2      | Found a blossoming altar of Fedhas.
  2759 | D:2      | Found an iron altar of Okawaru.
  2932 | D:2      | Found a faded altar of an unknown god.
  3285 | D:3      | Reached XP level 5. HP: 28/28 MP: 3/12
  4714 | D:4      | Found a hazy altar of Hepliaklqana.
  4736 | D:4      | Learned a level 4 spell: Airstrike
  4776 | D:4      | Reached XP level 6. HP: 32/32 MP: 6/14
  5546 | D:4      | Found Elutof's Book Boutique.
  5818 | D:4      | Reached skill level 5 in Air Magic
  5818 | D:4      | Reached XP level 7. HP: 36/36 MP: 12/16
  6091 | D:4      | Reached skill level 5 in Spellcasting
  6233 | D:4      | Found a shattered altar of Ashenzari.
  6567 | D:4      | Noticed Blork the orc
  6595 | D:4      | Killed Blork the orc
  6730 | D:5      | Entered Level 5 of the Dungeon
  7414 | D:5      | Learned a level 5 spell: Lightning Bolt
  7482 | D:5      | Reached XP level 8. HP: 41/41 MP: 13/19
  7862 | D:5      | Reached skill level 5 in Dodging
  8812 | D:6      | Found a glowing drain.
  8821 | Sewer    | Entered a sewer
  9199 | D:6      | Reached skill level 5 in Conjurations
  9572 | D:6      | Reached XP level 9. HP: 45/45 MP: 11/23
  9789 | D:6      | Found a staircase to the Ecumenical Temple.
  9795 | Temple   | Entered the Ecumenical Temple
  9886 | Temple   | Became a worshipper of Sif Muna the Loreminder
 11251 | D:7      | Noticed Menkaure
 11254 | D:7      | Killed Menkaure
 11374 | D:7      | Reached * piety under Sif Muna
 11558 | D:7      | Found Sybod's Assorted Antiques.
 11883 | D:8      | Noticed Lokiki's ghost (novice SpEn)
 11949 | D:8      | Killed Lokiki's ghost
 12068 | D:8      | Reached XP level 10. HP: 47/50 MP: 9/25
 12182 | D:8      | Found a staircase to the Lair.
 12278 | D:8      | Found a sand-covered staircase.
 12285 | Ossuary  | Entered an ossuary
 12458 | Ossuary  | Reached ** piety under Sif Muna
 12797 | D:8      | Reached skill level 10 in Spellcasting
 13215 | D:8      | Found a roughly hewn altar of Beogh.
 13899 | D:8      | Learned a level 5 spell: Iskenderun's Battlesphere
 14069 | D:9      | Learned a level 7 spell: Spellforged Servitor
 14184 | D:9      | Reached skill level 1 in Charms
 14263 | D:9      | Found Tudwosergh's Serpentskin Sales.
 14360 | D:9      | Noticed a two-headed ogre
 14368 | D:9      | Killed a two-headed ogre
 14368 | D:9      | Reached skill level 1 in Summonings
 14605 | D:9      | Reached *** piety under Sif Muna
 14751 | D:9      | Found a sacrificial altar of Ru.
 14754 | D:9      | Found an opulent altar of Gozag.
 15036 | D:9      | Noticed a two-headed ogre
 15175 | D:9      | Noticed Pikel
 15179 | D:9      | Killed Pikel
 15447 | D:9      | Killed a two-headed ogre
 15447 | D:9      | Reached XP level 11. HP: 54/54 MP: 3/27
 15587 | D:9      | Got a pitted hunting sling
 15588 | D:9      | Identified the +3 hunting sling of Vanity {venom, rF- MR+ Str+3} (You found it on level 9 of the Dungeon)
 15657 | D:9      | Reached skill level 5 in Charms
 15843 | D:10     | Entered Level 10 of the Dungeon
 16169 | D:10     | Reached **** piety under Sif Muna
 16169 | D:10     | Reached skill level 10 in Air Magic
 16417 | D:10     | Found a staircase to the Orcish Mines.
 16633 | D:10     | Noticed a two-headed ogre
 16642 | D:10     | Killed a two-headed ogre
 16865 | D:10     | Noticed Snorg
 16870 | D:10     | Killed Snorg
 17185 | D:10     | Noticed a vault guard
 17187 | D:10     | Killed a vault guard
 17197 | D:10     | Found a portal to a secret trove of treasure.
 17317 | D:9      | Bought an uncursed ring of poison resistance for 280 gold pieces
 17357 | Lair:1   | Entered Level 1 of the Lair of Beasts
 17859 | Lair:1   | Reached skill level 5 in Summonings
 18437 | Lair:2   | Noticed an oklob plant
 18624 | Lair:2   | Reached ***** piety under Sif Muna
 18624 | Lair:2   | Reached skill level 10 in Dodging
 18631 | Lair:1   | HP: 2/54 [poisoned by a black mamba]
 19173 | Lair:2   | Identified Sif Muna's Tome of Entrancing Sinister Rites (Sif Muna gifted it to you on level 2 of the Lair of Beasts)
 19173 | Lair:2   | Received a gift from Sif Muna
 19173 | Lair:2   | Reached XP level 12. HP: 59/59 MP: 17/30
 19286 | Lair:2   | Found a hole to the Spider Nest.
 20019 | Lair:2   | Found a staircase to the Swamp.
 21587 | Lair:3   | Noticed a six-headed hydra
 21592 | Lair:3   | Killed a six-headed hydra
 22957 | Lair:4   | Noticed a catoblepas
 22984 | Lair:4   | Reached skill level 1 in Staves
 23060 | Lair:4   | Noticed a four-headed hydra
 23068 | Lair:4   | Killed a four-headed hydra
 23982 | Lair:4   | Received a gift from Sif Muna
 24114 | Lair:3   | Learned a level 4 spell: Force Lance
 24118 | Lair:3   | Learned a level 3 spell: Static Discharge
 24226 | Lair:4   | Killed a catoblepas
 24226 | Lair:4   | Reached XP level 13. HP: 63/63 MP: 12/32
 24324 | Lair:4   | Learned a level 2 spell: Blink
 24380 | Lair:4   | Reached skill level 1 in Translocations
 25586 | Lair:5   | Found a staircase to the Slime Pits.
 26302 | Lair:6   | Entered Level 6 of the Lair of Beasts
 26545 | Lair:6   | Reached skill level 1 in Armour
 28838 | Lair:6   | Reached skill level 10 in Summonings
 29117 | Lair:6   | Identified the +1 plate armour of Curiosity {Slay+2} (You found it on level 6 of the Lair of Beasts)
 30086 | Lair:6   | Reached XP level 14. HP: 27/68 MP: 14/34
 30768 | Orc:1    | Entered Level 1 of the Orcish Mines
 30768 | Orc:1    | Noticed Fannar
 30776 | Orc:1    | Killed Fannar
 31003 | D:10     | Reached skill level 5 in Staves
 31149 | Orc:1    | Noticed Maurice
 31151 | Orc:1    | Killed Maurice
 31151 | Orc:1    | Received a gift from Sif Muna
 32920 | Orc:2    | Entered Level 2 of the Orcish Mines
 33043 | Orc:2    | Found a staircase to the Elven Halls.
 33280 | Orc:2    | Found a frozen archway.
 33348 | IceCv    | Entered an ice cave
 33994 | IceCv    | HP: 1/68 [ice devil (19)]
 34526 | IceCv    | Noticed a reaper
 35264 | IceCv    | Killed a reaper
 35389 | IceCv    | Got a jewelled demon blade
 35400 | IceCv    | Identified the +7 demon blade "Killer Klown's Foe" {flame, rPois Str-3 Int+5 SInv} (You found it in an ice cave)
 35858 | Orc:2    | Found a roughly hewn altar of Beogh.
 37202 | Orc:2    | Found Cerijoing's Distillery.
 37202 | Orc:2    | Found Oxusaf's Jewellery Shop.
 37204 | Orc:2    | Found Sampidul's Magic Scroll Boutique.
 37206 | Orc:2    | Found Ciuqex's Antique Weapon Shoppe.
 37348 | Orc:2    | Bought a scroll of summoning for 152 gold pieces
 37351 | Orc:2    | Bought a potion of curing for 51 gold pieces
 37351 | Orc:2    | Bought a potion of magic for 136 gold pieces
 37351 | Orc:2    | Bought a potion of curing for 51 gold pieces
 37916 | Elf:1    | Entered Level 1 of the Elven Halls
 38430 | Elf:1    | Reached skill level 10 in Conjurations
 38451 | Elf:1    | Reached skill level 15 in Spellcasting
 38896 | Orc:2    | Received a gift from Sif Muna
 38897 | Orc:2    | Identified Weycif's Volume of Flying Arcane Weapons (Sif Muna gifted it to you on level 2 of the Orcish Mines)
 40160 | Elf:1    | Reached XP level 15. HP: 72/72 MP: 19/36
 41695 | Elf:1    | Reached skill level 15 in Dodging
 42144 | Elf:1    | Noticed a deep elf sorcerer
 42159 | Elf:1    | Killed a deep elf sorcerer
 42560 | Elf:1    | Slain by a peacekeeper

Skill      XL: |  1  2  3  4  5  6  7  8  9 10 11 12 13 14 15 |
---------------+----------------------------------------------+-----
Conjurations   | 2 3 4 5 6 8 10 | 10.8
Dodging        | 3 4 5 7 8 10 11 12 14 15 | 15.1
Shields        | 1 2 3 4 |  4.0
Air Magic      | 4 5 7 8 9 10 12 13 | 13.3
Spellcasting   | 4 6 8 9 10 12 13 14 15 | 15.6
Charms         | 4 6 |  6.0
Summonings     | 2 5 8 10 | 10.0
Staves         | 2 4 6 |  6.0
Translocations | 3 |  3.0
Armour         | 3 4 |  4.0
Stealth        | |  2.4

Action                   |  1- 3 |  4- 6 |  7- 9 | 10-12 | 13-15 || total
-------------------------+-------+-------+-------+-------+-------++-------
Melee: Unarmed           |       |       |     8 |    19 |       ||    27
       Staff             |       |       |       |    15 |    15 ||    30
 Cast: Shock             |    55 |   192 |   289 |   448 |   191 ||  1175
       Airstrike         |       |       |    55 |   178 |   440 ||   673
       Lightning Bolt    |       |       |     1 |    55 |   138 ||   194
       Iskenderun's Batt |       |       |       |    22 |    22 ||    44
       Force Lance       |       |       |       |     4 |    10 ||    14
       Static Discharge  |       |       |       |     1 |    65 ||    66
       Blink             |       |       |       |       |    32 ||    32
Invok: Divine Energy     |       |       |     1 |       |       ||     1
       Channel Magic     |       |       |       |       |     1 ||     1
Evoke: Wand              |       |       |       |       |     1 ||     1
  Use: Scroll            |       |     8 |    10 |     9 |     9 ||    36
       Potion            |       |       |       |     4 |     7 ||    11
  Eat: Ration            |     1 |       |     1 |       |       ||     2
       Chunk             |       |    11 |    28 |    47 |    54 ||   140
Armor: Robe              |     3 |     5 |    11 |       |       ||    19
       Leather armour    |       |       |     4 |    17 |       ||    21
       Troll leather arm |       |       |       |    34 |    68 ||   102
       Skin              |       |       |       |       |    13 ||    13
Dodge: Dodged            |    14 |    32 |    69 |   217 |   263 ||   595
Block: Buckler           |       |     6 |    23 |    66 |    77 ||   172
